[Event "Titled Tuesday Blitz December 20 Late 2022"]
[White "Reprintsev, Alexander"]
[Black "Broca Jimenez, Fernando"]
[WhiteFideId "14100541"]
[BlackFideId "5104742"]
[WhiteElo "2230"]
[BlackElo "2062"]
[Result "1-0"]
[Round "02"]
[TimeControl "180+1"]
[Date "2022.12.21"]
[WhiteClock "0:02:04"]
[BlackClock "0:00:59"]

1. e4 c5 2. b3 Nc6 3. Bb2 d6 4. Bb5 Nf6 5. f3 Bd7 6. Ne2 g6 7. d4 cxd4 8. Nxd4 Bg7 9. Nc3 O-O 10. Qd2 Nxd4 11. Bxd7 Nxd7 12. O-O-O Nc6 13. h4 Nf6 14. h5 Nxh5 15. g4 Nf6 16. Nd5 h6 17. Rxh6 Re8 18. Rdh1 e6 19. Nxf6+ Bxf6 20. Rh8+ 1-0


[Site "https://www.chess.com"]

[Event "Titled Tuesday Blitz December 20 Late 2022"]
[White "Richter, Paul"]
[Black "Muhammad, Shahzeb"]
[WhiteFideId "2046350"]
[BlackFideId "7804806"]
[WhiteElo "2563"]
[BlackElo "2384"]
[Result "1-0"]
[Round "02"]
[TimeControl "180+1"]
[Date "2022.12.21"]
[WhiteClock "0:00:19"]
[BlackClock "0:00:02"]

1. e4 d5 2. exd5 Nf6 3. d4 Nxd5 4. c4 Nb6 5. Nc3 e5 6. Nf3 exd4 7. Qxd4 Nc6 8. Qxd8+ Nxd8 9. Be3 Bb4 10. O-O-O Bxc3 11. bxc3 Bg4 12. Be2 Nc6 13. Bf4 O-O 14. Bxc7 Na4 15. Kc2 Rac8 16. Bd6 Rfe8 17. Rhe1 Red8 18. Bf4 Bf5+ 19. Kb3 Nc5+ 20. Kb2 Na4+ 21. Kb3 Nc5+ 22. Ka3 Bd3 23. Be3 Bxe2 24. Rxd8+ Nxd8 25. Rxe2 Nce6 26. Nd2 f6 27. c5 Kf7 28. Nb3 Nc6 29. Rd2 Ne5 30. Rd1 Nc4+ 31. Kb4 Ne5 32. Na5 Ke8 33. h3 h5 34. f4 Nc6+ 35. Nxc6 Rxc6 36. f5 Nc7 37. Bd4 Nd5+ 38. Kc4 Nf4 39. Rf1 Nxg2 40. Rg1 Nh4 41. Rxg7 Nxf5 42. Rxb7 Nd6+ 43. Kd5 Nxb7 44. Kxc6 Na5+ 45. Kb5 Nb7 46. Bxf6 a6+ 47. Kb6 1-0


[Site "https://www.chess.com"]

[Event "Titled Tuesday Blitz December 20 Late 2022"]
[White "Rodriguez Santiago, Jaime"]
[Black "Peatman, Carter"]
[WhiteFideId "3100898"]
[BlackFideId "2096480"]
[WhiteElo "2025"]
[BlackElo "2462"]
[Result "1/2-1/2"]
[Round "02"]
[TimeControl "180+1"]
[Date "2022.12.21"]
[WhiteClock "0:00:22"]
[BlackClock "0:00:10"]

1. c4 e5 2. Nc3 Nc6 3. g3 Bc5 4. Bg2 d6 5. e3 a6 6. h3 Ba7 7. Nf3 Nf6 8. O-O O-O 9. d4 Re8 10. b3 Bd7 11. dxe5 dxe5 12. Bb2 Qe7 13. Nd5 Nxd5 14. cxd5 Nb8 15. Nxe5 Bb5 16. Re1 a5 17. Qg4 f6 18. Nc4 Bc5 19. Rad1 Nd7 20. e4 Bb4 21. Re2 Ne5 22. Bxe5 fxe5 23. Kh2 Rf8 24. f4 exf4 25. gxf4 Rad8 26. e5 Qc5 27. f5 Rde8 28. f6 Rf7 29. Rf1 Ref8 30. d6 Bc6 31. Bxc6 Qxc6 32. dxc7 Qxc7 33. Nd6 Bxd6 34. exd6 Qxd6+ 35. Qg3 Qxg3+ 36. Kxg3 Rxf6 37. Rxf6 Rxf6 38. Re7 Rf7 39. Re8+ Rf8 40. Re7 Rb8 41. a4 b5 42. Ra7 bxa4 43. bxa4 Rb3+ 44. Kg2 Rb2+ 45. Kg3 Rb3+ 46. Kg2 Ra3 47. Rxa5 h6 48. Ra7 Kh7 49. a5 Kg6 50. a6 Kf6 51. Ra8 Kg5 52. a7 g6 53. Kf2 Ra2+ 54. Ke3 Ra3+ 55. Kd4 Ra4+ 56. Kc5 Ra1 57. Kb6 Rb1+ 58. Kc7 Rc1+ 59. Kd7 Rd1+ 60. Ke7 Ra1 61. Kd6 Ra6+ 62. Kc5 Ra1 63. Kb4 Rb1+ 64. Ka3 Ra1+ 65. Kb2 Ra6 66. Kb3 Kh5 67. Kb4 Kg5 68. Kb5 Ra1 69. Kb6 Rb1+ 70. Ka5 Ra1+ 71. Kb4 Kh5 72. Kc3 Ra3+ 73. Kb2 Ra6 74. Kb3 Ra5 75. Kb4 Ra1 76. Kc3 Ra6 77. Kb4 Ra1 1/2-1/2


[Site "https://www.chess.com"]

[Event "Titled Tuesday Blitz December 20 Late 2022"]
[White "Ronka, Erik"]
[Black "Guzman Moneo, Alberto"]
[WhiteFideId "505080"]
[BlackFideId "2209616"]
[WhiteElo "2264"]
[BlackElo "2157"]
[Result "0-1"]
[Round "02"]
[TimeControl "180+1"]
[Date "2022.12.21"]
[WhiteClock "0:00:58"]
[BlackClock "0:02:01"]

1. e4 c5 2. Nf3 Nc6 3. d4 cxd4 4. Nxd4 g6 5. Nc3 Bg7 6. Be3 Nf6 7. Nxc6 bxc6 8. e5 Nd5 9. Nxd5 cxd5 10. Qxd5 Rb8 11. O-O-O O-O 12. c3 a5 13. h4 d6 14. exd6 Be6 15. dxe7 Qxe7 16. Qd6 Qb7 17. Qa3 Rfc8 18. Kd2 Bf8 19. Qa4 Qxb2+ 20. Qc2 Rd8+ 21. Bd3 Rxd3+ 22. Kxd3 Bf5+ 0-1


[Site "https://www.chess.com"]

[Event "Titled Tuesday Blitz December 20 Late 2022"]
[White "Rorrer, Grayson"]
[Black "Rego, Pedro Filipe"]
[WhiteFideId "30944996"]
[BlackFideId "1904310"]
[WhiteElo "2200"]
[BlackElo "2193"]
[Result "1-0"]
[Round "02"]
[TimeControl "180+1"]
[Date "2022.12.21"]
[WhiteClock "0:00:06"]
[BlackClock "0:00:10"]

1. e4 c5 2. Nf3 d6 3. c3 Nf6 4. Be2 Nc6 5. d4 cxd4 6. cxd4 d5 7. e5 Ne4 8. O-O g6 9. Nc3 Bg7 10. Qb3 e6 11. Bd3 O-O 12. Rd1 Nxc3 13. bxc3 Na5 14. Qc2 b6 15. g3 Bd7 16. Bg5 f6 17. exf6 Bxf6 18. Bf4 Rc8 19. h4 Kg7 20. Qd2 Kh8 21. Be5 Nc4 22. Bxc4 Rxc4 23. Qh6 Qe7 24. Rac1 Qg7 25. Qe3 Kg8 26. Kg2 Ba4 27. Re1 Bd7 28. Bf4 Rfc8 29. Bg5 b5 30. Qf4 Rf8 31. Qd6 Rc6 32. Qf4 Bxd4 33. Qxd4 Qxd4 34. Nxd4 Rb6 35. Be7 Rc8 36. Bb4 Ra6 37. a3 Kf7 38. Nb3 Rac6 39. Re3 Rc4 40. Rce1 R8c6 41. Na5 Rc8 42. Nxc4 Rxc4 43. Rf3+ Kg7 44. Bf8+ Kg8 45. Bh6 Rc8 46. Kh2 a5 47. Bf4 b4 48. cxb4 axb4 49. axb4 Rb8 50. Bxb8 1-0


[Site "https://www.chess.com"]

[Event "Titled Tuesday Blitz December 20 Late 2022"]
[White "Sanchez Alvares, Kelvin Antonio"]
[Black "Foerster-Yialamas, Lucas"]
[WhiteFideId "3906680"]
[BlackFideId "30901774"]
[WhiteElo "2217"]
[BlackElo "2067"]
[Result "1-0"]
[Round "02"]
[TimeControl "180+1"]
[Date "2022.12.21"]
[WhiteClock "0:02:23"]
[BlackClock "0:00:59"]

1. e4 e6 2. d4 d5 3. Nc3 dxe4 4. Nxe4 Nd7 5. Nf3 Ngf6 6. Bg5 Be7 7. Bxf6 Bxf6 8. Bd3 b6 9. Qe2 Bb7 10. O-O-O Rc8 11. Kb1 c5 12. Nd6+ Ke7 13. Nxc8+ Qxc8 14. d5 Bxd5 15. Ba6 Qc6 16. Bb5 Qb7 17. Rxd5 Qxd5 18. Rd1 Bd4 19. Bxd7 Kxd7 20. c3 Qf5+ 21. Qc2 Qg4 22. Ne5+ 1-0


[Site "https://www.chess.com"]

[Event "Titled Tuesday Blitz December 20 Late 2022"]
[White "Sarana, Alexey"]
[Black "Alex_Sahakyan2006"]
[WhiteFideId "24133795"]
[WhiteElo "2708"]
[BlackElo "2624"]
[Result "1-0"]
[Round "02"]
[TimeControl "180+1"]
[Date "2022.12.21"]
[WhiteClock "0:00:04"]
[BlackClock "0:00:11"]

1. d4 Nf6 2. c4 e6 3. Nc3 Bb4 4. e3 O-O 5. Bd3 d5 6. a3 Bxc3+ 7. bxc3 dxc4 8. Bxc4 c5 9. Bd3 Qc7 10. Bb2 b6 11. Qe2 Bb7 12. e4 Nc6 13. Nf3 Rfd8 14. O-O Qf4 15. Rfe1 Na5 16. Rad1 cxd4 17. cxd4 Rac8 18. Ne5 Nb3 19. g3 Qh6 20. Bc2 Na5 21. h4 Qh5 22. f3 Nd7 23. Nxd7 Rxd7 24. d5 exd5 25. exd5 Rdd8 26. Rd4 Bxd5 27. Rg4 g6 28. Bb1 Bc4 29. Qe7 Qc5+ 30. Qxc5 Rxc5 31. Bf6 Rdc8 32. Rd4 Be6 33. Red1 Rc1 34. Rxc1 Rxc1+ 35. Kf2 Nc6 36. Rd6 Rxb1 37. Rxc6 Rb3 38. Rd6 1-0


[Site "https://www.chess.com"]

[Event "Titled Tuesday Blitz December 20 Late 2022"]
[White "Sarkar, Justin"]
[Black "Adel, Sara"]
[WhiteFideId "2010011"]
[BlackFideId "10616764"]
[WhiteElo "2239"]
[BlackElo "1997"]
[Result "1-0"]
[Round "02"]
[TimeControl "180+1"]
[Date "2022.12.21"]
[WhiteClock "0:00:35"]
[BlackClock "0:00:14"]

1. e4 c6 2. d4 d5 3. e5 Bf5 4. Nf3 e6 5. a3 Be7 6. c4 c5 7. Nc3 dxc4 8. Bxc4 cxd4 9. Nxd4 Nc6 10. Nxf5 Qxd1+ 11. Nxd1 exf5 12. f4 Bc5 13. b4 Bb6 14. Be3 Bxe3 15. Nxe3 f6 16. Nxf5 fxe5 17. Nxg7+ Ke7 18. O-O Nf6 19. fxe5 Nxe5 20. Rae1 Kd6 21. Rxf6+ Kc7 22. Rxe5 Rad8 23. Ne6+ Kd6 24. Rd5+ Ke7 25. Rxd8 Rxd8 26. Nxd8 Kxf6 27. Nxb7 Ke5 28. Na5 Kd4 29. Kf2 Kc3 30. g4 Kb2 31. a4 Ka3 32. Nc6 Kxa4 33. b5 h6 34. h4 Ka3 35. Nxa7 Kb4 36. b6 Kc5 37. b7 Kxc4 38. b8=Q h5 39. gxh5 Kd4 40. Qb5 Kc3 41. Nc6 Kd2 42. Qb3 Kc1 43. Nd4 Kd2 44. Qc2# 1-0


[Site "https://www.chess.com"]

[Event "Titled Tuesday Blitz December 20 Late 2022"]
[White "Saveliev, Alexei"]
[Black "Mekhitarian, Krikor Sevag"]
[WhiteFideId "24128546"]
[BlackFideId "2107660"]
[WhiteElo "2290"]
[BlackElo "2604"]
[Result "0-1"]
[Round "02"]
[TimeControl "180+1"]
[Date "2022.12.21"]
[WhiteClock "0:01:25"]
[BlackClock "0:00:13"]

1. c4 e6 2. Nc3 b6 3. d4 Bb7 4. a3 f5 5. d5 Bd6 6. g3 Nf6 7. Bg2 O-O 8. Nh3 a5 9. O-O Na6 10. Qc2 Nc5 11. Rd1 e5 12. Qxf5 Nxd5 13. Qh5 Nxc3 14. bxc3 Bxg2 15. Kxg2 Qf6 16. Be3 h6 17. Rd5 Ne4 18. Rc1 Qe6 19. Qh4 Nf6 20. Rd2 Be7 21. a4 Ng4 22. Qh5 g6 23. Qxh6 Nxh6 24. Bxh6 Rf7 25. Be3 d6 26. Rd5 Raf8 27. f3 Rh7 28. Nf2 Qf5 29. Ng4 Qh5 30. h4 Qf5 31. Nh6+ Rxh6 32. Bxh6 Re8 33. Be3 Qe6 34. Rb1 Bf6 35. Rb3 Re7 36. Rd1 Qxc4 37. Rb5 Qxa4 38. Rbb1 Qc4 39. Kf2 Qxc3 40. h5 gxh5 41. Rh1 h4 42. Rh3 e4 43. gxh4 exf3 44. Rg1+ Kf7 45. Rxf3 Rxe3 46. Rxe3 Bd4 47. Rg3 Bxe3+ 48. Rxe3 Qd4 49. Kf3 Qxh4 50. Rc3 Qh3+ 51. Kf4 Qxc3 52. e4 Qd4 53. Kf3 a4 54. Kf4 a3 55. Kf5 Qe5+ 56. Kg4 Qxe4+ 57. Kh5 Qg2 58. Kh4 Kf6 59. Kh5 Qg5# 0-1


[Site "https://www.chess.com"]

[Event "Titled Tuesday Blitz December 20 Late 2022"]
[White "Sebag, Marie"]
[Black "Boros, Denes"]
[WhiteFideId "617822"]
[BlackFideId "722340"]
[WhiteElo "2440"]
[BlackElo "2464"]
[Result "0-1"]
[Round "02"]
[TimeControl "180+1"]
[Date "2022.12.20"]
[WhiteClock "0:00:01"]
[BlackClock "0:00:17"]

1. c4 b6 2. Nf3 Bb7 3. g3 Nf6 4. Bg2 c5 5. Nc3 e6 6. O-O Be7 7. b3 O-O 8. Bb2 d6 9. d4 cxd4 10. Nxd4 Qc8 11. Rc1 a6 12. Qd3 Bxg2 13. Kxg2 Nbd7 14. Rfd1 Ne5 15. Qc2 Qb7+ 16. Kg1 Rfc8 17. Qd2 h5 18. h4 Rd8 19. Qe3 b5 20. cxb5 axb5 21. Ndxb5 Neg4 22. Qf3 d5 23. a4 Qb6 24. e3 Rac8 25. Kg2 Qa5 26. e4 Ne5 27. Qe2 Nc6 28. exd5 exd5 29. Qf3 d4 30. Ne4 Ne5 31. Nxf6+ Bxf6 32. Qf5 Qa8+ 33. f3 d3 34. Bxe5 Rxc1 35. Rxc1 d2 36. Rd1 Qd5 37. Nc3 Qxe5 38. Qxe5 Bxe5 39. Ne4 f5 40. Rxd2 Rc8 41. Ng5 Kf8 42. f4 Bf6 43. Rd5 Rc2+ 44. Kf1 Rc3 45. Kg2 Rxb3 46. Rxf5 Ke7 47. Rb5 Ra3 48. Rb7+ Ke8 49. Ra7 Ra2+ 50. Kh3 Bd4 51. Ra8+ Ke7 52. a5 Bg1 53. Nf3 Be3 54. a6 Rf2 55. Ng5 Ra2 56. Rg8 Kf6 57. Rf8+ Kg6 0-1


[Site "https://www.chess.com"]

[Event "Titled Tuesday Blitz December 20 Late 2022"]
[White "Seletsky, Grigory"]
[Black "Dong, Bao Nghia"]
[WhiteFideId "14112191"]
[BlackFideId "12400343"]
[WhiteElo "2492"]
[BlackElo "2305"]
[Result "1/2-1/2"]
[Round "02"]
[TimeControl "180+1"]
[Date "2022.12.21"]
[WhiteClock "0:01:10"]
[BlackClock "0:02:00"]

1. e4 e6 2. d4 d5 3. exd5 exd5 4. c3 Nf6 5. Bd3 Bd6 6. Qc2 O-O 7. Bg5 h6 8. Bh4 Re8+ 9. Ne2 c5 10. dxc5 Bxc5 11. Nd2 Nc6 12. Nb3 Be7 13. O-O Ne4 14. Bxe7 Qxe7 15. Ned4 Ne5 16. Rae1 Nxd3 17. Qxd3 Be6 18. f3 Nf6 19. Re3 Qd7 20. Rfe1 b6 21. Qe2 Bf5 22. Re7 Rxe7 23. Qxe7 Re8 24. Qxd7 Bxd7 25. Rxe8+ Nxe8 26. Kf2 Nd6 27. Nd2 Kf8 28. b3 Ke7 29. Ke3 g5 30. g3 f5 31. f4 g4 32. c4 dxc4 33. Nxc4 Nxc4+ 34. bxc4 Kd6 35. Kd3 a5 36. a3 Kc5 37. Nb3+ Kd6 38. Nd4 a4 39. Kc3 Kc5 40. Nc2 Bc6 41. Nd4 Be4 42. Ne6+ Kd6 43. Nd4 Kc5 44. Ne6+ Kd6 45. Nd4 Kc5 1/2-1/2


[Site "https://www.chess.com"]

[Event "Titled Tuesday Blitz December 20 Late 2022"]
[White "Shapiro, Daniel"]
[Black "Ozates, Tuna"]
[WhiteFideId "2001780"]
[BlackFideId "6354521"]
[WhiteElo "2335"]
[BlackElo "2151"]
[Result "0-1"]
[Round "02"]
[TimeControl "180+1"]
[Date "2022.12.21"]
[WhiteClock "0:00:01"]
[BlackClock "0:00:38"]

1. d4 g6 2. e4 Bg7 3. Nc3 a6 4. a4 d6 5. h3 Nf6 6. Nge2 O-O 7. g4 e5 8. Be3 Nc6 9. Bg2 h6 10. Qd2 exd4 11. Nxd4 Nxd4 12. Bxd4 Re8 13. O-O Bd7 14. Rfe1 Bc6 15. Rad1 Nd7 16. Bxg7 Kxg7 17. Qd4+ Qf6 18. Qxf6+ Nxf6 19. f4 Re7 20. e5 dxe5 21. Bxc6 bxc6 22. Rxe5 Rae8 23. Rxe7 Rxe7 24. Kg2 Re3 25. Rd8 h5 26. g5 Nd5 27. Nxd5 cxd5 28. Rxd5 Re2+ 29. Kf3 Rxc2 30. b4 Rc3+ 31. Ke4 Rxh3 32. Rc5 Rb3 33. b5 axb5 34. axb5 h4 35. Rxc7 h3 36. Rc2 Rxb5 37. Rc3 h2 0-1


[Site "https://www.chess.com"]

[Event "Titled Tuesday Blitz December 20 Late 2022"]
[White "Sielecki, Christof"]
[Black "Boruchovsky, Avital"]
[WhiteFideId "4620437"]
[BlackFideId "2800055"]
[WhiteElo "2443"]
[BlackElo "2450"]
[Result "1/2-1/2"]
[Round "02"]
[TimeControl "180+1"]
[Date "2022.12.21"]
[WhiteClock "0:00:15"]
[BlackClock "0:00:04"]

1. e4 c6 2. d4 d5 3. exd5 cxd5 4. Bd3 Nc6 5. c3 Nf6 6. h3 e5 7. dxe5 Nxe5 8. Nf3 Nxd3+ 9. Qxd3 Be7 10. O-O O-O 11. Be3 h6 12. Nbd2 Re8 13. Rfe1 a6 14. Nd4 Bd7 15. Nf5 Bf8 16. Bd4 Ne4 17. Ng3 Bb5 18. Qc2 Nxg3 19. fxg3 Qg5 20. g4 Bd6 21. Nf3 Qf4 22. Qf2 Re4 23. Be3 Qf6 24. Bd4 Qe7 25. Nd2 Re6 26. Nf3 Qc7 27. Rxe6 fxe6 28. Qe3 Re8 29. Be5 Bxe5 30. Nxe5 Rf8 31. a3 b6 32. Re1 Qc5 33. Kh2 Qxe3 34. Rxe3 Rf2 35. b4 Bf1 36. Kg1 Rf4 37. Rf3 Rxf3 38. Nxf3 Bd3 39. Ne5 Bb5 40. h4 g5 41. hxg5 hxg5 42. Nf3 Be2 43. Nxg5 Bxg4 44. Kf2 Kg7 45. Kg3 Bf5 46. Kf4 Kf6 47. Nf3 Be4 48. Ne5 Bxg2 49. Ng4+ Ke7 50. Ke5 Bf3 51. Ne3 Be2 52. Nc2 Bb5 53. Nd4 Bd7 54. Nf3 Bc8 55. Nd4 Bd7 56. Nf3 Bc8 57. Ng5 Bd7 58. Nh3 Bc8 59. Nf4 Bd7 60. Ne2 Bc8 61. Nc1 Bd7 62. Nb3 Bc8 63. Nd2 Kd7 64. Nf3 Ke7 1/2-1/2


[Site "https://www.chess.com"]

[Event "Titled Tuesday Blitz December 20 Late 2022"]
[White "Silva, Miguel Antonio Neto"]
[Black "Bryant, Todd"]
[WhiteFideId "1911929"]
[BlackFideId "2031299"]
[WhiteElo "2223"]
[BlackElo "2357"]
[Result "1-0"]
[Round "02"]
[TimeControl "180+1"]
[Date "2022.12.21"]
[WhiteClock "0:00:14"]
[BlackClock "0:00:01"]

1. d4 Nf6 2. c4 g6 3. Nf3 Bg7 4. g3 O-O 5. Bg2 d6 6. O-O c5 7. Nc3 Nc6 8. d5 Na5 9. Nd2 e6 10. e4 exd5 11. cxd5 a6 12. a4 c4 13. Qc2 Rb8 14. b4 cxb3 15. Nxb3 Nxb3 16. Qxb3 b5 17. axb5 axb5 18. Bb2 Nd7 19. Rfc1 Nc5 20. Qc2 b4 21. Na4 b3 22. Qd2 Bxb2 23. Nxb2 Qf6 24. Rab1 Ba6 25. h4 Rfc8 26. Kh2 Qe5 27. Qe3 h5 28. f4 Qe8 29. e5 Nd7 30. e6 Nc5 31. Bh3 f5 32. Bf1 Bxf1 33. Rxf1 Ne4 34. Rfc1 Qb5 35. Nd3 Rxc1 36. Nxc1 b2 37. Nd3 Qb3 38. Rxb2 Qxb2+ 39. Nxb2 Rxb2+ 40. Kg1 Rb1+ 41. Kg2 Rb2+ 42. Kf1 Rb3 43. Qa7 Rb1+ 44. Ke2 Rb2+ 45. Kd3 Nc5+ 46. Kc3 Rb3+ 47. Kc4 Kh8 48. Qf7 Rxg3 49. e7 1-0


[Site "https://www.chess.com"]

[Event "Titled Tuesday Blitz December 20 Late 2022"]
[White "Sivakumar, Shaaketh"]
[Black "Bryakin, Mikhail"]
[WhiteFideId "30940176"]
[BlackFideId "4165314"]
[WhiteElo "2174"]
[BlackElo "2391"]
[Result "1-0"]
[Round "02"]
[TimeControl "180+1"]
[Date "2022.12.21"]
[WhiteClock "0:00:13"]
[BlackClock "0:00:10"]

1. d4 Nf6 2. c4 c5 3. d5 b5 4. cxb5 a6 5. bxa6 d6 6. Nc3 g6 7. Nf3 Bxa6 8. g3 Bg7 9. Bg2 O-O 10. O-O Nbd7 11. Rb1 Ng4 12. Qc2 Rb8 13. b3 Qa5 14. Bd2 Qa3 15. Bc1 Qa5 16. Bd2 Qb6 17. a4 Rfc8 18. h3 Nge5 19. Ng5 h6 20. Nf3 Nxf3+ 21. Bxf3 Qa7 22. h4 h5 23. Bg5 Ne5 24. Bg2 Rb7 25. Rfd1 Rcb8 26. Na2 Ng4 27. e4 Bd4 28. Rd2 c4 29. b4 c3 30. Rxd4 Qxd4 31. Rd1 Qc4 32. Bf1 Qc7 33. Bxa6 Ra7 34. Bb5 Qb6 35. Rd3 Rc7 36. Be3 Nxe3 37. Rxe3 Ra7 38. Rxc3 Qb7 39. Bc6 Qb6 40. a5 Qd4 41. Qd3 Qf6 42. a6 e5 43. b5 Qe7 44. Qe3 Qc7 45. Rb3 Rb6 46. Nc3 Raxa6 47. bxa6 Rxb3 48. a7 Ra3 49. a8=Q+ Rxa8 50. Bxa8 Qa5 51. Bc6 Qa1+ 52. Kg2 Qa5 53. Qd3 Qc7 54. Nb5 Qb8 55. Qa3 Qxb5 56. Bxb5 1-0


[Site "https://www.chess.com"]

[Event "Titled Tuesday Blitz December 20 Late 2022"]
[White "Skibbe, Willi"]
[Black "Eric0702"]
[WhiteFideId "4682190"]
[WhiteElo "2348"]
[BlackElo "2505"]
[Result "1-0"]
[Round "02"]
[TimeControl "180+1"]
[Date "2022.12.21"]
[WhiteClock "0:01:52"]
[BlackClock "0:00:01"]

1. c4 e5 2. Nc3 Nc6 3. Nf3 f5 4. d4 d6 5. dxe5 Nxe5 6. Nxe5 dxe5 7. Qxd8+ Kxd8 8. Bg5+ Be7 9. Bxe7+ Nxe7 10. g3 c6 11. O-O-O+ Kc7 12. e4 g6 13. exf5 gxf5 14. Bh3 Ng6 15. Rhe1 Be6 16. c5 Rad8 17. Rxd8 Rxd8 18. f4 e4 19. Nxe4 Bxa2 20. Bxf5 Rd5 21. Bxg6 hxg6 22. b4 a5 23. Nc3 axb4 24. Nxa2 Rxc5+ 25. Kb2 Rc4 26. Kb3 Rd4 27. Nxb4 c5 28. Nc2 Rd2 29. Re7+ Kc6 30. Re6+ Kd5 31. Rxg6 Rxh2 32. Rb6 Rh3 33. Rg6 b5 34. Rg5+ Kc6 35. Ne3 Rh1 36. Rg6+ Kb7 37. Nd5 Rb1+ 38. Kc2 Rf1 39. Rb6+ Ka7 40. Rxb5 Rf2+ 41. Kd1 c4 42. Rc5 Rf3 43. Rxc4 Rxg3 44. Ke2 Kb7 45. Ne3 Kb6 46. Kf2 Rg8 47. f5 Kb5 48. Rc2 Rh8 49. Kf3 Rh4 50. f6 Rh6 51. Ng4 Rh5 52. Kf4 Rh7 53. Kf5 Kb4 54. Kg6 Ra7 55. f7 Ra8 56. Re2 Ra6+ 57. Nf6 1-0


[Site "https://www.chess.com"]

[Event "Titled Tuesday Blitz December 20 Late 2022"]
[White "Skvortsov, Andrei"]
[Black "Gatterer, Florian"]
[WhiteFideId "24108600"]
[BlackFideId "811688"]
[WhiteElo "2285"]
[BlackElo "2218"]
[Result "0-1"]
[Round "02"]
[TimeControl "180+1"]
[Date "2022.12.21"]
[WhiteClock "0:00:06"]
[BlackClock "0:00:05"]

1. d4 Nf6 2. Nf3 d5 3. c4 e6 4. Nc3 c5 5. cxd5 Nxd5 6. e4 Nxc3 7. bxc3 cxd4 8. cxd4 Bb4+ 9. Bd2 Bxd2+ 10. Qxd2 O-O 11. Bc4 Nd7 12. O-O b6 13. d5 Nc5 14. Qe3 exd5 15. Bxd5 Bb7 16. Rfd1 Bxd5 17. exd5 Re8 18. Qf4 Qd7 19. Ne5 Qe7 20. Nf3 Qd7 21. h3 Re4 22. Qd2 Rae8 23. Re1 Rxe1+ 24. Rxe1 Rxe1+ 25. Qxe1 h6 26. Qe5 Nd3 27. Qd4 Nc5 28. Ne5 Qd6 29. Nc4 Qf6 30. Qxf6 gxf6 31. f3 Nd3 32. Kf1 Kf8 33. g3 Nb4 34. Ne3 Nxa2 35. Nf5 h5 36. Ke2 Nb4 37. d6 Ke8 38. g4 hxg4 39. fxg4 Nd5 40. h4 a5 41. Kd3 Nf4+ 42. Kc4 Kd7 43. h5 Nh3 44. Kb5 Ng5 45. h6 Nh7 46. Kc4 a4 47. Kb4 b5 48. Ka3 Ng5 49. Ng3 Nh7 50. Ne4 Ke6 51. Kb4 Kd7 52. Kc3 a3 53. Kb3 b4 54. Ka2 Ke6 55. Kb3 Kd7 56. Kc2 Ke6 57. Nd2 Kxd6 58. Kb3 Ke5 59. Kxb4 Kf4 60. Kxa3 Kxg4 61. Kb3 Kg5 62. Kc3 Kxh6 63. Kd3 Kg6 64. Ke4 Ng5+ 65. Kf4 Ne6+ 66. Kg3 f5 67. Nf3 Kf6 68. Nd2 Nd4 69. Kf4 Ne6+ 70. Ke3 f4+ 71. Ke4 Kg5 72. Nf3+ Kg4 73. Ne5+ Kg3 74. Kd3 Nc5+ 75. Ke2 Ne4 76. Kf1 f5 77. Nd3 f3 78. Ke1 f2+ 79. Ke2 Kg2 80. Nf4+ Kg1 81. Nh3+ Kg2 82. Nf4+ Kg3 83. Nh5+ Kg4 84. Ng7 f4 85. Ne6 Kg3 86. Nd4 Kg2 87. Kd3 f1=Q+ 88. Kxe4 f3 89. Nf5 f2 90. Ne3+ Kg1 91. Kf3 Qe1 92. Ng4 f1=Q+ 0-1


[Site "https://www.chess.com"]

[Event "Titled Tuesday Blitz December 20 Late 2022"]
[White "Solon, Nathan"]
[Black "Torres Dominguez, David"]
[WhiteFideId "2017229"]
[BlackFideId "2220857"]
[WhiteElo "2649"]
[BlackElo "2037"]
[Result "1-0"]
[Round "02"]
[TimeControl "180+1"]
[Date "2022.12.21"]
[WhiteClock "0:01:24"]
[BlackClock "0:00:01"]

1. Nf3 d5 2. g3 Bf5 3. Bg2 c6 4. O-O Nf6 5. c4 e6 6. Qb3 Qb6 7. d3 h6 8. cxd5 exd5 9. Qc2 Be7 10. Nc3 O-O 11. e4 dxe4 12. dxe4 Bh7 13. Qe2 Re8 14. e5 Nfd7 15. e6 Nf6 16. exf7+ Kxf7 17. Ne5+ Kf8 18. Qc4 Nd5 19. Nxd5 cxd5 20. Qxd5 Qf6 21. Qxb7 Qxe5 22. Bf4 Qf6 23. Qxa8 Na6 24. Qc6 Qxc6 25. Bxc6 Nb4 26. Bxe8 Kxe8 27. Be5 Kf7 28. a3 Nd3 29. Bc3 Bc5 30. Rad1 Bb6 31. Rd2 Nc5 32. Rfd1 1-0


[Site "https://www.chess.com"]

[Event "Titled Tuesday Blitz December 20 Late 2022"]
[White "Souleidis, Georgios"]
[Black "Horcajuelo Rocamora, Martin"]
[WhiteFideId "4206827"]
[BlackFideId "24573027"]
[WhiteElo "2401"]
[BlackElo "2094"]
[Result "1-0"]
[Round "02"]
[TimeControl "180+1"]
[Date "2022.12.21"]
[WhiteClock "0:00:23"]
[BlackClock "0:00:20"]

1. e4 e5 2. Nc3 Bb4 3. Nd5 Bc5 4. Nf3 Nc6 5. c3 Nf6 6. d4 exd4 7. cxd4 Bb6 8. Bg5 h6 9. Bxf6 gxf6 10. Bc4 d6 11. O-O Rg8 12. Nxb6 axb6 13. Qd2 Bh3 14. Nh4 f5 15. Qxh6 fxe4 16. Qh7 Kd7 17. Qxf7+ Ne7 18. Kh1 Bg4 19. f3 exf3 20. Nxf3 Qf8 21. Qxf8 Rgxf8 22. Be2 Bf5 23. a3 Nd5 24. Nh4 Be6 25. Rxf8 Rxf8 26. Rf1 Rxf1+ 27. Bxf1 Ne3 28. Bd3 Nd1 29. b4 Nc3 30. Ng6 Bf7 31. Nf4 b5 32. g4 c6 33. h4 Nd5 34. Nxd5 Bxd5+ 35. Kh2 Bc4 36. Bc2 Ke7 37. g5 Kf7 38. Kg3 Kg7 39. h5 Bf7 40. h6+ Kg8 41. g6 Bd5 42. Kf4 1-0


[Site "https://www.chess.com"]

[Event "Titled Tuesday Blitz December 20 Late 2022"]
[White "Szyszylo, Rafal"]
[Black "Shapiro, Bryan"]
[WhiteFideId "1109626"]
[BlackFideId "2087740"]
[WhiteElo "1981"]
[BlackElo "1899"]
[Result "1-0"]
[Round "02"]
[TimeControl "180+1"]
[Date "2022.12.21"]
[WhiteClock "0:00:12"]
[BlackClock "0:00:01"]

1. e4 e6 2. d4 b6 3. Nf3 Bb7 4. Bd3 d6 5. O-O Nd7 6. Re1 g6 7. Bg5 Be7 8. Bxe7 Qxe7 9. Qd2 e5 10. c3 Ngf6 11. Na3 O-O 12. Qc2 a6 13. Nc4 Rfe8 14. Ncd2 Nh5 15. g3 Nhf6 16. a4 Rac8 17. Rad1 Qf8 18. h4 exd4 19. cxd4 c5 20. d5 Ng4 21. b3 Nge5 22. Bf1 Re7 23. Nxe5 Nxe5 24. f4 Ng4 25. Nc4 Qd8 26. Bh3 h5 27. Bxg4 hxg4 28. e5 dxe5 29. d6 Re6 30. fxe5 b5 31. axb5 axb5 32. Nd2 Qd7 33. Ne4 Qc6 34. d7 Rd8 35. Qxc5 Ba6 36. Qxc6 Rxc6 37. Nf6+ Kg7 38. Ne8+ Kf8 39. Nf6 b4 40. Rd6 Rxd6 41. exd6 Bb5 42. Re7 Kg7 43. Ne8+ Kf8 44. Nf6 Kg7 45. Re8 Rxd7 46. Nxd7 Bxd7 47. Re7 Be6 48. Rxe6 f6 49. d7 1-0


[Site "https://www.chess.com"]

[Event "Titled Tuesday Blitz December 20 Late 2022"]
[White "Taboas Rodriguez, Daniel"]
[Black "Rasulov, Vugar"]
[WhiteFideId "2208466"]
[BlackFideId "13402390"]
[WhiteElo "2329"]
[BlackElo "2509"]
[Result "0-1"]
[Round "02"]
[TimeControl "180+1"]
[Date "2022.12.20"]
[WhiteClock "0:00:45"]
[BlackClock "0:01:39"]

1. d4 Nf6 2. Nf3 g6 3. c4 Bg7 4. Nc3 d5 5. cxd5 Nxd5 6. e4 Nxc3 7. bxc3 c5 8. Be3 O-O 9. Be2 Qa5 10. O-O Rd8 11. Qb3 Nc6 12. Rad1 cxd4 13. cxd4 Qb4 14. d5 Qxb3 15. axb3 Nb4 16. Bc5 Na2 17. Bxe7 Rd7 18. d6 Nc3 19. Rd2 Nxe4 20. Rd3 b6 21. Rfd1 Ba6 22. Kf1 Bxd3 23. Rxd3 Re8 24. Rd5 Nc3 25. Rd2 Nxe2 26. Kxe2 Bf6 0-1


[Site "https://www.chess.com"]

[Event "Titled Tuesday Blitz December 20 Late 2022"]
[White "Tang, Andrew"]
[Black "Bambino Filho, Antonio Carlos"]
[WhiteFideId "2059630"]
[BlackFideId "2113163"]
[WhiteElo "2582"]
[BlackElo "2405"]
[Result "1-0"]
[Round "02"]
[TimeControl "180+1"]
[Date "2022.12.21"]
[WhiteClock "0:00:02"]
[BlackClock "0:00:04"]

1. a4 e5 2. Ra3 d5 3. Rg3 Nf6 4. b3 Ne4 5. Bb2 Nxg3 6. hxg3 Bd6 7. e3 Qe7 8. Qh5 Nd7 9. f4 g6 10. Qh6 Qf8 11. Qh4 Qe7 12. Qh6 Qf8 13. Qh2 Qe7 14. Nf3 f6 15. Be2 O-O 16. Nc3 c6 17. e4 exf4 18. gxf4 dxe4 19. Nxe4 Rf7 20. Nxd6 Qxd6 21. Bc4 Nf8 22. Bxf7+ Kxf7 23. O-O Kg8 24. Qh4 Bf5 25. d3 Nd7 26. g4 Be6 27. g5 f5 28. Re1 Re8 29. Qh6 Qf8 30. Qh4 Bf7 31. Ne5 Nxe5 32. Bxe5 Bd5 33. Re3 Qc5 34. Qf2 Bf7 35. Qe2 Qd5 36. d4 Qd7 37. c4 a6 38. Rh3 b5 39. Rxh7 Be6 40. Rxd7 Bxd7 41. Qh2 1-0


[Site "https://www.chess.com"]